 Dungeon Crawl Stone Soup version 0.26-b1-32-g5d43845318 (webtiles) character file.

Game seed: 18202726109603745304

266 Borgoz the Skirmisher (level 6, -2/53 HPs)
             Began as a Ghoul Monk on Jan 13, 2021.
             Slain by a sky beast (5 damage)
             ... on level 7 of the Dungeon.
             The game lasted 00:04:15 (3996 turns).

Borgoz the Skirmisher (Ghoul Monk)                  Turns: 3996, Time: 00:04:16

Health: -2/53      AC:  3    Str: 15    XL:     6   Next: 20%
Magic:  5/5        EV: 14    Int:  5    God:
Gold:   180        SH:  0    Dex: 13    Spells: 5/5 levels left

rFire    . . .     SeeInvis .   a - +0 falchion
rCold    + . .     Faith    .   (no shield)
rNeg     + + +     Spirit   .   b - +1 robe
rPois    ∞         Reflect  .   (no helmet)
rElec    .         Harm     .   (no cloak)
rCorr    .         Rampage  .   (no gloves)
Will     .....                  (no boots)
Stlth    +++.......             (no amulet)
HPRegen  0.00/turn              i - ring of stealth
MPRegen  0.09/turn              (no ring)

@: mighty, brilliant, attractive, hasted, very quick
A: claws 1, cold resistance 1, negative energy resistance 3, inhibited
regeneration, torment resistance, unbreathing
a: no special abilities


You were on level 7 of the Dungeon.
You visited 1 branch of the dungeon, and saw 5 of its levels.

You collected 180 gold pieces.

Inventory:

Hand Weapons
 a - a +0 falchion (weapon)
Armour
 b - a +1 robe (worn)
 q - a +0 ring mail
Jewellery
 i - a ring of stealth (left claw)
Wands
 m - a wand of flame (12)
 s - a wand of paralysis (9)
Scrolls
 j - a scroll of identify {unknown}
 k - a scroll of teleportation
 l - a scroll of enchant armour
 n - a scroll of fear {unknown}
 o - a scroll of random uselessness {unknown}
 p - a scroll of remove curse
Potions
 c - a potion of haste
 d - a potion of attraction
 g - 2 potions of curing {unknown}
 r - a potion of degeneration {unknown}


   Skills:
 + Level 4.6 Fighting
 + Level 3.9 Long Blades
 + Level 1.6 Armour
 + Level 3.8 Dodging
 - Level 3.2 Stealth


You had 5 spell levels left.
You didn't know any spells.
Your spell library contained the following spells:

 Spells                   Type           Power        Failure   Level
 Animate Skeleton         Necr           0%           47%         1
 Apportation              Tloc           0%           47%         1
 Corona                   Hex            0%           47%         1
 Summon Small Mammal      Summ           0%           47%         1


Dungeon Overview and Level Annotations

Branches:
Dungeon (4/15)
 Temple: D:4-7

Altars:
Gozag
Makhleb
Nemelex Xobeh
Ru
Vehumet
Xom
Yredelemnul
Zin

Annotations:
D:3 2 transporters, sanka's ghost, weakling PaWn


Innate Abilities, Weirdness & Mutations

You thrive by killing the living.
You are immune to poison.
You have sharp fingernails.
Your flesh is cold resistant. (rC+)
You are immune to negative energy. (rN+++)
You do not regenerate when monsters are visible.
You are immune to unholy pain and torment.
You can survive without breathing.


Message History

* * * LOW HITPOINT WARNING * * *
You feel much better.
It was a potion of might.
You feel very mighty all of a sudden. Something barely misses you.
You completely miss something. Something hits you. Something shocks you.
You miss something. Something hits you. Something shocks you.
You slash something! The black bear is pulled toward you!
You barely miss something. Something hits you. Something shocks you.
The black bear is pulled toward you!
You closely miss something. Something completely misses you.
You barely miss something. You miss something. Something hits you.
* * * LOW HITPOINT WARNING * * *
Something shocks you.
* * * LOW HITPOINT WARNING * * *
You barely miss something. Something hits you.
* * * LOW HITPOINT WARNING * * *
Something shocks you.
You die...

### . ##... $.
#....### ... #
#....@# ..h.
......#{##.....
.....##Fo.....#
...............
.#).....###...#
...?..#.. ?..
.......... ..
......#.... .
..##. .....o


You could see a bullfrog and an orc.

Vanquished Creatures
  A hound (D:3)
  An orc priest (D:3)
  An orc wizard (D:3)
  Jessica (D:2)
  An iguana (D:4)
  An adder (D:3)
  A white imp (D:3)
  2 worms
  A dart slug (D:2)
  18 orcs
  3 ball pythons
  5 giant cockroaches
  12 goblins
  5 hobgoblins
  8 jackals
  3 kobolds
  A quokka (D:3)
  4 bats
  5 frilled lizards
  8 rats
82 creatures vanquished.

Vanquished Creatures (others)
  A bat (D:3)
  A withered plant (D:3)
2 creatures vanquished.

Grand Total: 84 creatures vanquished

Notes
Turn   | Place    | Note
-------+----------+-------------------------------------------
     0 | D:1      | Borgoz the Ghoul Monk began the quest for the Orb.
     0 | D:1      | Reached XP level 1. HP: 19/19 MP: 0/0
   525 | D:1      | Reached XP level 2. HP: 26/26 MP: 1/1
   944 | D:2      | Noticed Jessica
   956 | D:2      | Killed Jessica
   957 | D:2      | Reached XP level 3. HP: 15/33 MP: 2/2
  1346 | D:2      | Reached XP level 4. HP: 25/40 MP: 3/3
  1372 | D:2      | Found a sacrificial altar of Ru.
  1679 | D:3      | Found a sacrificial altar of Ru.
  1720 | D:3      | Found a transporter.
  1726 | D:3      | Found a transporter.
  1726 | D:3      | Noticed sanka's ghost (weakling PaWn)
  2028 | D:3      | Found a basalt altar of Yredelemnul.
  2163 | D:3      | Reached skill level 4 in Fighting
  2438 | D:3      | Found a sparkling altar of Nemelex Xobeh.
  2612 | D:3      | Found a glowing silver altar of Zin.
  2613 | D:3      | Noticed an angel
  2617 | D:3      | Found a shimmering altar of Xom.
  2729 | D:3      | Reached XP level 5. HP: 28/46 MP: 4/4
  2902 | D:3      | Reached skill level 1 in Armour
  3190 | D:3      | Found an opulent altar of Gozag.
  3521 | D:3      | Found a burning altar of Makhleb.
  3654 | D:4      | Reached XP level 6. HP: 45/53 MP: 5/5
  3683 | D:4      | Found a radiant altar of Vehumet.
  3968 | D:4      | You fall into a shaft and drop 3 floors!
  3969 | D:7      | Noticed a sky beast
  3969 | D:7      | Noticed a black bear
  3996 | D:7      | Slain by a sky beast

Illustrated notes

Levels and vault maps discovered:
D:1:      dpeg_arrival_long_road, layout_basic
D:2:      layout_loops_ring, nicolae_ru_sacrificial_ziggurat, uniq_jessica
D:3:      kennysheep_the_goblin_king, layout_loops_corners,
          grunt_temple_overflow_order_and_chaos_1, overflow_temple_1_default,
          yredelemnul_altar_generic, makhleb_heckhound_becter,
          marbit_many_paths, lemuel_crystal_altar, gammafunk_ghost_arena,
          skrybe_limestone_x
D:4:      layout_basic, nicolae_dithmenos_shadow_blocks,
          eat_drink_and_be_merry_uskayaw, vehumet_altar_wand_db,
          roderic_st_hans_cross, uniq_robin
D:7:      layout_cave_pools, lemuel_crystal_altar, led_sif_pool,
          kennysheep_little_box, gup_ossuary_entry_pyramid, minmay_between

Skill      XL: |  1  2  3  4  5 |
---------------+----------------+-----
Long Blades    | 3 |  3.9
Dodging        | 3 |  3.8
Stealth        | 3 |  3.2
Fighting       | 4 |  4.6
Armour         | 1 |  1.6

Action                   |  1- 3 |  4- 6 || total
-------------------------+-------+-------++-------
Melee: Falchion          |    70 |   215 ||   285
  Use: Scroll            |     2 |     1 ||     3
       Potion            |       |     8 ||     8
 Stab: Sleeping          |     5 |     6 ||    11
Armor: Robe              |    20 |    40 ||    60
Dodge: Dodged            |    40 |   194 ||   234
       Rpst.: Falchion   |    13 |    57 ||    70
